 Dungeon Crawl Stone Soup version 0.27.0-1-g7a08968 (webtiles) character file.

Game seed: 14181417794509257558

1887 DeadlyToaster the Reanimator (level 8, -6/52 HPs)
             Began as a Mummy Necromancer on Nov 1, 2021.
             Was a Follower of Yredelemnul.
             Mangled by a vampire (10 damage)
             ... on level 7 of the Dungeon.
             The game lasted 01:22:50 (10376 turns).

DeadlyToaster the Reanimator (Mummy Necromancer)   Turns: 10376, Time: 01:22:51

Health: -6/52      AC: 10    Str: 17    XL:     8   Next: 92%
Magic:  20/20      EV: 12    Int: 17    God:    Yredelemnul [*.....]
Gold:   326        SH:  0    Dex: 12    Spells: 5/24 levels left

rFire    x . .     SeeInvis .   v - +3 quarterstaff (chaos)
rCold    + . .     Faith    .   (shield currently unavailable)
rNeg     + + +     Spirit   .   a - +0 robe
rPois    ∞         Reflect  .   (no helmet)
rElec    .         Harm     .   j - +0 cloak
rCorr    .         Rampage  .   (no gloves)
Will     +....                  m - +2 pair of boots
Stlth    ++........             (no amulet)
HPRegen  0.17/turn              x - +6 ring of strength
MPRegen  0.17/turn              q - +4 ring of protection

@: about to teleport
A: cold resistance 1, negative energy resistance 3, torment resistance 2, heat
vulnerability 1, no potions
a: Renounce Religion, Animate Remains


You were on level 7 of the Dungeon.
You worshipped Yredelemnul.
Yredelemnul was aware of your devotion.
You visited 2 branches of the dungeon, and saw 8 of its levels.

You collected 326 gold pieces.

Inventory:

Hand Weapons
 b - a +0 rapier
 e - a +2 dagger of venom
 g - a +0 hunting sling
 o - a +1 vampiric hand axe
 v - a +3 quarterstaff of chaos (weapon)
Missiles
 c - 55 sling bullets
 d - 250 stones
 f - 4 boomerangs
 i - 61 arrows
 l - 4 poisoned darts (quivered)
 p - 7 curare-tipped darts
 y - a throwing net
Armour
 a - a +0 robe (worn)
 j - a +0 cloak (worn)
 m - a +2 pair of boots (worn)
 w - a +0 cloak
Jewellery
 n - a ring of protection from cold
 q - a +4 ring of protection (right hand)
 t - a +4 ring of evasion
 x - a +6 ring of strength (left hand)
 A - a ring of poison resistance
Wands
 r - a wand of paralysis (8)
 u - a wand of mindburst (10)
Scrolls
 h - 6 scrolls of identify
 k - a scroll of amnesia
 z - a scroll of fog


   Skills:
 - Level 0.2 Axes
 - Level 0.1 Throwing
 + Level 2.5 Dodging
 + Level 3.4 Stealth
 + Level 8.6 Spellcasting
 + Level 0.2 Conjurations
 + Level 0.7 Summonings
 * Level 9.1 Necromancy
 - Level 0.1 Air Magic


You had 5 spell levels left.
You knew the following spells:

 Your Spells              Type           Power      Damage    Failure   Level
a - Pain                  Necr           100%       1d9       1%          1
b - Animate Skeleton      Necr           76%        N/A       1%          1
c - Vampiric Draining     Necr           19%        2d8       1%          3
d - Animate Dead          Necr           19%        N/A       2%          4
e - Summon Small Mammal   Summ           36%        N/A       8%          1
f - Shock                 Conj/Air       32%        1d5       9%          1
g - Agony                 Necr           38%        N/A       6%          5
h - Mephitic Cloud        Conj/Pois/Air  7%         N/A       28%         3

Your spell library contained the following spells:

 Spells                   Type           Power      Damage    Failure   Level
 Apportation              Tloc           14%        N/A       10%         1
 Corona                   Hex            7%         N/A       10%         1
 Summon Ice Beast         Ice/Summ       8%         N/A       63%         4
 Summon Forest            Summ/Tloc      4%         N/A       93%         5
 Freezing Cloud           Conj/Ice/Air   3%         6-21      95%         5
 Dragon's Call            Summ           4%         N/A       100%        9


Dungeon Overview and Level Annotations

Branches:
Dungeon (7/15)             Temple (1/1) D:4

Altars:
Ashenzari
Cheibriados
Dithmenos
Elyvilon
Fedhas
Gozag
Hepliaklqana
Kikubaaqudgha
Makhleb
Nemelex Xobeh
Okawaru
Ru
Sif Muna
Uskayaw
Vehumet
Wu Jian
Xom
Yredelemnul
Zin
The Shining One

Shops:
D:7 !


Innate Abilities, Weirdness & Mutations

You are immune to poison.
Your flesh is cold resistant. (rC+)
You are immune to negative energy. (rN+++)
You are immune to unholy pain and torment.
You are vulnerable to heat. (rF-)
You do not drink.


Message History

The iguana bites you but does no damage.
You hit the iguana.
You kill the iguana!
Yredelemnul accepts your kill.
You sock the vampire! You burn the vampire.
The vampire is heavily damaged.
The vampire barely misses you. The vampire bites you. The vampire hits you.
The vampire bites you.
You hit the vampire.
The vampire is heavily damaged.
The vampire barely misses you.
The vampire bites you but does no damage.
You closely miss the vampire.
The vampire is heavily damaged.
The vampire barely misses you. The vampire bites you.
You hit the vampire but do no damage.
The vampire seems to speed up.
The vampire is heavily damaged.
The vampire casts a spell at you.
You easily resist.
The vampire misses you.
The vampire bites you but does no damage.
You barely miss the vampire.
The vampire is heavily damaged.
The vampire gestures at you while chanting.
You easily resist.
The vampire hits you.
The vampire bites you but does no damage.
You hit the vampire.
The vampire flickers and vanishes!
Deactivating autopickup; reactivate with Ctrl-A.
Something hits you! Something bites you.
* * * LOW HITPOINT WARNING * * *
Something hits you.
* * * LOW HITPOINT WARNING * * *
Something bites you but does no damage. Something hits you.
* * * LOW HITPOINT WARNING * * *
Something bites you.
* * * LOW HITPOINT WARNING * * *
As you read the scroll of teleportation, it crumbles to dust.
You feel strangely unstable. Something hits you!
You die...
Yredelemnul claims you as an undead slave.

....≈.≈#######)#######.# #.#
....≈≈≈.......)......#.# #.#
....# .######)#####.#.######.#
...## ######....####.......##.#
#.## #................###.##.#
#.# #..#.##.##.##.##.....#..#
#.#####.###############..#....#
#....##..# #..#..#..#.##....#.#
####.##.##:.#..#@.#..#..#####.#
#.##..##..#..#..#..##..).#.#
#.##.###############..#....#
#.##..#.##.##.##.##..##.####
##.##................#.#.#
###...###..........###.....#
......)..'.........+.......####
###...####.........###<.......#
##.## ##.......## #.#.#.##.#


There were no monsters in sight!

Vanquished Creatures
  A water moccasin (D:6)
  2 orc warriors
  A sky beast (D:6)
  2 black bears
  An ogre (D:7)
  An ice beast (D:6)
  A kobold brigand (D:6)
  A scorpion (D:5)
  A bullfrog zombie (D:5)
  4 jellies
  Crazy Yiuf (D:7)
  3 hounds
  2 orc priests
  2 centaur skeletons
  A gnoll shaman (D:7)
  7 iguanas
  Ijyb (D:4)
  2 orc wizards
  A howler monkey zombie (D:7)
  10 gnolls
  3 adders
  A white imp (D:6)
  3 ufetubi
  2 worms
  A dart slug (D:3)
  15 orcs
  5 endoplasms
  6 giant cockroaches
  7 goblins
  4 hobgoblins
  4 jackals (D:2)
  10 kobolds
  3 quokkas
  6 ball pythons
  5 bats
  A frilled lizard (D:3)
  2 rats (D:3)
123 creatures vanquished.

Vanquished Creatures (collateral kills)
  A necrophage (D:5)
  A water moccasin zombie (D:5)
  An orc priest (D:5)
  An orc wizard (D:5)
  A killer bee zombie (D:6)
  A gnoll (D:5)
  A dart slug (D:2)
  A hobgoblin (D:3)
  A goblin (D:2)
9 creatures vanquished.

Grand Total: 132 creatures vanquished

Notes
Turn   | Place    | Note
-------+----------+-------------------------------------------
     0 | D:1      | DeadlyToaster the Mummy Necromancer began the quest for the
                  | Orb.
     0 | D:1      | Reached XP level 1. HP: 13/13 MP: 4/4
     2 | D:1      | Learned a level 1 spell: Animate Skeleton
   273 | D:1      | Reached XP level 2. HP: 18/19 MP: 2/5
   722 | D:1      | Found a faded altar of an unknown god.
  1382 | D:2      | Reached XP level 3. HP: 17/24 MP: 1/7
  1548 | D:2      | Learned a level 3 spell: Vampiric Draining
  1790 | D:2      | Found an opulent altar of Gozag.
  2857 | D:3      | Identified a scroll of acquirement
  2925 | D:3      | Reached XP level 4. HP: 23/30 MP: 5/9
  2930 | D:3      | Learned a level 4 spell: Animate Dead
  3076 | D:3      | Found a shadowy altar of Dithmenos.
  3778 | D:4      | Reached skill level 5 in Necromancy
  3888 | D:4      | Noticed Ijyb
  3897 | D:4      | Killed Ijyb
  3995 | D:4      | Reached XP level 5. HP: 35/35 MP: 11/11
  4162 | D:4      | Learned a level 1 spell: Summon Small Mammal
  4172 | D:4      | Found a staircase to the Ecumenical Temple.
  4181 | Temple   | Entered the Ecumenical Temple
  4271 | Temple   | Became a worshipper of Yredelemnul the Dark
  4642 | D:5      | Entered Level 5 of the Dungeon
  4813 | D:5      | Acquired the Handbook of the Supportive Birds
  4817 | D:5      | Learned a level 1 spell: Shock
  4834 | D:5      | Noticed a necrophage
  4851 | D:5      | Killed a necrophage
  4852 | D:5      | Reached skill level 6 in Necromancy
  4852 | D:5      | Reached XP level 6. HP: 29/41 MP: 9/13
  4946 | D:5      | Found a shimmering altar of Xom.
  5093 | D:5      | Reached skill level 5 in Spellcasting
  5093 | D:5      | HP: 1/41 [orc priest/divine providence (13)]
  5658 | D:5      | Reached XP level 7. HP: 38/46 MP: 7/16
  5864 | D:5      | Learned a level 5 spell: Agony
  6451 | D:6      | Reached skill level 7 in Necromancy
  6974 | D:6      | Reached XP level 8. HP: 52/52 MP: 12/18
  6978 | D:6      | Learned a level 3 spell: Mephitic Cloud
  7045 | D:6      | Reached * piety under Yredelemnul
  7784 | D:6      | Reached skill level 8 in Necromancy
  8457 | D:7      | Found a runed translucent door.
  8458 | D:7      | Noticed Crazy Yiuf
  8468 | D:7      | Killed Crazy Yiuf
  9164 | D:7      | Found Daratey's Distillery.
  9342 | D:7      | Reached skill level 9 in Necromancy
  9487 | D:7      | Noticed a skeletal warrior
  9505 | D:7      | HP: 2/52 [skeletal warrior (20)]
 10200 | D:7      | Found a sparkling altar of Nemelex Xobeh.
 10376 | D:7      | Mangled by a vampire

Illustrated notes

Levels and vault maps discovered:
D:1:      dpeg_arrival_round_b, layout_loops_cross,
          shapermc_ecumenical_altar_notcrosses, feat_on_display
D:2:      layout_rooms, basic_altar, ebering_dispersal_statue_hall,
          minmay_diced_spiral
D:3:      layout_loops_corners, nicolae_dithmenos_through_a_glass_darkly
D:4:      cheibrodos_old_hovel, layout_basic, minmay_temple_entry_poolview,
          uniq_ijyb
D:5:      layout_layer_cave, lemuel_round_altar
D:6:      layout_basic, serial_rivers, chequers_serial_rivers_marsh,
          chequers_serial_rivers_small_b, chequers_serial_rivers_micro_a,
          chequers_serial_rivers_micro_b, chequers_serial_rivers_large_a,
          grunt_decor_fettered
D:7:      layout_loops_corners, nemelex_dance_club_becter, serial_rivers,
          chequers_serial_rivers_small_a, chequers_serial_rivers_micro_e,
          chequers_serial_rivers_small_3, chequers_serial_rivers_micro_d,
          chequers_serial_rivers_micro_d, serial_shops, kennysheep_mini,
          minmay_manual_macuahuitl, uniq_crazy_yiuf_cottage
Temple:   minmay_crystal_spiral_temple

Skill      XL: |  1  2  3  4  5  6  7  8 |
---------------+-------------------------+-----
Stealth        | 2 3 |  3.4
Spellcasting   | 3 4 6 8 |  8.6
Necromancy     | 5 6 7 9 |  9.1
Dodging        | 2 |  2.5
Axes           | |  0.2
Throwing       | |  0.1
Conjurations   | |  0.2
Summonings     | |  0.7
Air Magic      | |  0.1

Action                   |  1- 3 |  4- 6 |  7- 9 || total
-------------------------+-------+-------+-------++-------
Melee: Rapier            |    24 |    16 |       ||    40
       Dagger            |    35 |    67 |    46 ||   148
       Quarterstaff      |       |       |    45 ||    45
       Hand axe          |       |       |    33 ||    33
Throw: Stone             |       |     4 |     1 ||     5
       Dart              |       |       |     2 ||     2
 Cast: Pain              |    55 |    25 |    53 ||   133
       Animate Skeleton  |    10 |     2 |     3 ||    15
       Vampiric Draining |     2 |    12 |    20 ||    34
       Animate Dead      |       |    10 |    10 ||    20
       Summon Small Mamm |       |     7 |    10 ||    17
       Shock             |       |     5 |    14 ||    19
       Mephitic Cloud    |       |       |     5 ||     5
       Agony             |       |       |     3 ||     3
Evoke: Wand              |       |     1 |     1 ||     2
  Use: Scroll            |     2 |     5 |     7 ||    14
 Stab: Sleeping          |    10 |     4 |     3 ||    17
       Distracted        |       |     1 |     1 ||     2
       Paralysed         |       |     2 |       ||     2
       Confused          |       |       |     1 ||     1
Armor: Robe              |    14 |    24 |    44 ||    82
Dodge: Dodged            |    54 |    84 |   121 ||   259
